 Dungeon Crawl Stone Soup version 0.30-a0-5-g3a90980b9d (webtiles) character file.

Game seed: 2819504643538510829

67 BritishOli the Trooper (level 3, -5/29 HPs)
             Began as a Demonspawn Fighter on Aug 22, 2022.
             Slain by Grinder (6 damage)
             ... while paralysed by Grinder
             ... on level 3 of the Dungeon.
             The game lasted 00:01:33 (2298 turns).

BritishOli the Trooper (Demonspawn Fighter)         Turns: 2298, Time: 00:01:34

Health: -5/29      AC: 10    Str: 18    XL:     3   Next: 98%
Magic:  3/3        EV:  2    Int:  9    God:
Gold:   59         SH:  0    Dex: 15    Spells: 2/2 levels left

rFire   x . .      SeeInvis .    a - +0 long sword
rCold   . . .      Faith    .    c - +0 buckler
rNeg    . . .      Spirit   .    b - +0 scale mail
rPois   .          Reflect  .    (no helmet)
rElec   .          Harm     .    (no cloak)
rCorr   .          Rampage  +    (no gloves)
Will    .....                    q - +0 pair of boots of the Shimmering Gods {Rampage +Blink rF- Dex+3}
Stlth   ..........               p - amulet of the acrobat
HPRegen 0.09/turn                (no ring)
MPRegen 0.08/turn                (no ring)

@: paralysed
A: hooves 1, icy blue scales 1
a: Evoke Blink


You were on level 3 of the Dungeon.
You visited 1 branch of the dungeon, and saw 3 of its levels.

You collected 59 gold pieces.

Inventory:

Hand Weapons
 a - a +0 long sword (weapon)
Armour
 b - a +0 scale mail (worn)
 c - a +0 buckler (worn)
 q - the +0 pair of boots of the Shimmering Gods (worn) {Rampage +Blink rF- Dex+3}
   (You found it on level 2 of the Dungeon)

   Dex:       It affects your dexterity (+3).
   rF:        It makes you vulnerable to fire.
   +Blink:    It lets you blink.
   Rampage:   It bestows one free step when moving towards enemies.
Jewellery
 p - an amulet of the acrobat (around neck)
Scrolls
 e - 3 scrolls of identify {unknown}
 f - a scroll of summoning {unknown}
 g - 2 scrolls of magic mapping {unknown}
 h - a scroll of blinking {unknown}
 k - a scroll of immolation {unknown}
 m - a scroll of enchant armour {unknown}
 o - a scroll of noise {unknown}
 r - a scroll of fear {unknown}
 t - a scroll of teleportation {unknown}
Potions
 d - 2 potions of might
 i - a potion of resistance {unknown}
 j - a potion of ambrosia {unknown}
 l - 2 potions of curing {unknown}
 n - a potion of degeneration {unknown}
 s - a potion of lignification {unknown}


   Skills:
 + Level 3.5 Fighting
 + Level 2.4 Long Blades
 + Level 3.2 Armour
 + Level 3.2 Shields


You had 2 spell levels left.
You didn't know any spells.
Your spell library contained the following spells:

 Spells                   Type           Power      Damage    Failure   Level
 Freeze                   Ice            0%         1d3       86%         1
 Frozen Ramparts          Ice            0%         1d1       99%         3
 Fulminant Prism          Conj/Hex       0%         3d6       100%        4
 Hailstorm                Conj/Ice       0%         3d3       100%        4
 Iskenderun's Mystic Bla  Conj/Tloc      0%         2d3       100%        4
 Lee's Rapid Deconstruct  Erth           0%         3d5*      100%        5


Dungeon Overview and Level Annotations

Branches:
Dungeon (3/15)

Altars:

Annotations:
D:3 Grinder


Innate Abilities, Weirdness & Mutations

You have large cloven feet.
You are partially covered in icy blue scales. (AC +2)


Message History

Grinder is moderately wounded.
The dart slug bites you but does no damage.
Grinder closely misses you.
Unknown command.
You closely miss Grinder.
Grinder is moderately wounded.
The dart slug launches a dart at you. You block the slug dart.
Grinder barely misses you.
Unknown command.
You hit Grinder but do no damage.
Grinder is moderately wounded.
Grinder closely misses you. The dart slug launches a dart at you.
The slug dart hits you. Grinder gestures at you.
You barely resist. You barely miss Grinder.
Grinder is moderately wounded.
The dart slug closely misses you. Grinder hits you.
You writhe in agony.
Unknown command.
You hit Grinder.
Grinder is moderately wounded.
Grinder hits you but does no damage. The dart slug closely misses you.
Unknown command.
You slash Grinder!
Grinder is heavily wounded.
Grinder gestures at you.
You suddenly lose the ability to move!
The dart slug launches a dart at you.
The slug dart hits you but does no damage.
Grinder gestures at you.
You shrug off the repeated paralysis!
The dart slug launches a dart at you. The slug dart hits you. Grinder hits you.
* * * LOW HITPOINT WARNING * * *
You writhe in agony.
* * * LOW HITPOINT WARNING * * *
Grinder hits you.
You die...

## .. ###. ...
##### #####.###...#
#....w@.....#
#.###5##....#####.#
#.#.........)..
..##...######.# .#
### ##.## ##.# #.#
... #.# #.. ##'##
#.# ##...## #.#


You could see Grinder and a dart slug.

Vanquished Creatures
  2 adders (D:2)
  3 worms (D:2)
  4 bats
  7 endoplasms
  A giant cockroach (D:2)
  4 hobgoblins
  2 jackals (D:1)
  2 quokkas
  3 ball pythons
  4 frilled lizards
  A goblin (D:1)
  2 kobolds (D:2)
  6 rats
41 creatures vanquished.

Notes
Turn   | Place    | Note
-------+----------+-------------------------------------------
     0 | D:1      | BritishOli the Demonspawn Fighter began the quest for the
                  | Orb.
     0 | D:1      | Reached XP level 1. HP: 18/18 MP: 1/1
   163 | D:1      | Gained mutation: You have large cloven feet. [demonic
                  | ancestry]
   163 | D:1      | Reached XP level 2. HP: 3/24 MP: 2/2
   480 | D:1      | Found a faded altar of an unknown god.
  1392 | D:2      | Gained mutation: You are partially covered in icy blue
                  | scales. (AC +2) [demonic ancestry]
  1392 | D:2      | Reached XP level 3. HP: 29/29 MP: 3/3
  1597 | D:2      | Identified the +0 pair of boots of the Shimmering Gods
                  | {Rampage +Blink rF- Dex+3}
  2284 | D:3      | Noticed Grinder
  2295 | D:3      | Paralysed by Grinder for 4 turns
  2297 | D:3      | HP: 1/29 [Grinder (6)]
  2298 | D:3      | Slain by Grinder

Illustrated notes

Levels and vault maps discovered:
D:1:      heliophobic_arrival_battle_scene, layout_loops_ring,
          basic_ecumenical_altar, grunt_decor_arrowhead
D:2:      layout_loops_ring
D:3:      layout_loops_corners, nicolae_titane, uniq_grinder

Skill      XL: |  1  2 |
---------------+-------+-----
Long Blades    | 2 |  2.4
Armour         | 3 |  3.2
Shields        | 3 |  3.2
Fighting       | |  3.5

Action                   || total
-------------------------++-------
Melee: Long sword        ||   125
       Kick              ||    13
 Abil: Evoke Blink       ||     1
Armor: Scale mail        ||    70
Dodge: Dodged            ||    54
Block: Buckler           ||    31

Table legend: (Time is in decaauts)
 A = Elapsed time spent in this place.
 B = Non-inter-level travel time spent in this place.
 C = Inter-level travel time spent in this place.
 D = Time resting spent in this place.
 E = Time spent auto-exploring this place.
 F = Levels seen in this place.
 G = Mean time per level.
                   A        B        C        D        E       F      G
               +--------+--------+--------+--------+--------+-----+--------+
         Total |   2339 |   2286 |     53 |    394 |   1571 |   3 |  779.7 |
       Dungeon |   2339 |   2286 |     53 |    394 |   1571 |   3 |  779.7 |
               +--------+--------+--------+--------+--------+-----+--------+

Top non-repeatable levels by time:
     D:1: 1045 daAuts
     D:2: 999 daAuts
     D:3: 294 daAuts
